 Dungeon Crawl Stone Soup version 0.24.0-13-gcf9b319 (webtiles) character file.

Game seed: 7998911449985845264, levelgen mode: deterministic

203 Bronimir the Magician (level 5, -6/28 HPs)
             Began as a Deep Elf Wizard on Mar 31, 2020.
             Was an Initiate of Vehumet.
             Killed by nerve-wracking pain
             ... invoked by an orc priest
              (11 damage)
             ... on level 4 of the Dungeon.
             The game lasted 00:13:35 (5082 turns).

Bronimir the Magician (Deep Elf Wizard)             Turns: 5082, Time: 00:13:35

Health: -6/28      AC:  6    Str:  4    XL:     5   Next: 51%
Magic:  8/16       EV: 13    Int: 24    God:    Vehumet [......]
Gold:   145        SH:  0    Dex: 13    Spells: 4/17 levels left

rFire    . . .     SeeInvis .   b - +0 hand crossbow
rCold    . . .     Gourm    .   (no shield)
rNeg     . . .     Faith    .   i - +0 robe
rPois    .         Spirit   .   k - +2 helmet
rElec    .         Reflect  .   (no cloak)
rCorr    .         Harm     .   q - +0 pair of gloves
MR       .....                  (no boots)
Stlth    ++........             (no amulet)
HPRegen  0.09/turn              (no ring)
MPRegen  0.15/turn              (no ring)

@: no status effects
A: no striking features
a: Renounce Religion


You were on level 4 of the Dungeon.
You worshipped Vehumet.
Vehumet was noncommittal.
You were very hungry.

You visited 1 branch of the dungeon, and saw 4 of its levels.

You collected 145 gold pieces.

Inventory:

Hand Weapons
 a - a +2 dagger of speed
 b - a +0 hand crossbow (weapon)
 f - a +0 club
 B - a +2 war axe of flaming
Missiles
 o - 20 sling bullets
 p - 35 arrows
 r - 74 stones
 t - 10 poisoned darts
 y - 27 bolts (quivered)
 D - 4 boomerangs
Armour
 i - a +0 robe (worn)
 k - a +2 helmet (worn)
 m - a +0 ring mail
 q - a +0 pair of gloves (worn)
 v - a +0 hat
Magical Staves
 s - an uncursed staff of fire
Scrolls
 c - 7 scrolls of remove curse {unknown}
 e - 2 scrolls of enchant weapon {unknown}
 j - 4 scrolls of identify {unknown}
 l - a scroll of amnesia {unknown}
 n - a scroll of immolation {unknown}
 u - a scroll of noise {unknown}
 w - a scroll of enchant armour {unknown}
 x - a scroll of teleportation {unknown}
Potions
 g - 2 potions of heal wounds {unknown}
 h - 2 potions of haste {unknown}
 z - a potion of curing {unknown}
 A - 3 potions of brilliance {unknown}
 C - a potion of degeneration {unknown}
Comestibles
 d - 2 rations


   Skills:
 + Level 0.4 Fighting
 + Level 0.2 Short Blades
 + Level 0.1 Axes
 + Level 1.3 Crossbows
 + Level 0.4 Throwing
 * Level 3.3 Dodging
 + Level 2.5 Stealth
 * Level 6.5 Spellcasting
 * Level 2.2 Conjurations
 * Level 1.8 Summonings
 + Level 1.1 Translocations
 * Level 0.6 Evocations


You had 4 spell levels left.
You knew the following spells:

 Your Spells              Type           Power        Failure   Level  Hunger
a - Magic Dart            Conj           ###.         3%          1    None
b - Blink                 Tloc           N/A          8%          2    None
c - Call Imp              Summ           ###.....     5%          2    None
d - Slow                  Hex            #.......     12%         2    None
e - Conjure Flame         Conj/Fire      ##......     14%         3    None
f - Mephitic Cloud        Conj/Pois/Air  ##......     17%         3    None

Your spell library contained the following spells:

 Spells                   Type           Power        Failure   Level  Hunger


Dungeon Overview and Level Annotations

Branches:
Dungeon (4/15)
 Temple: D:4-7

Altars:
Okawaru
Uskayaw
Vehumet
The Shining One

Annotations:
D:2 Sigmund


Message History

Your crimson imp hits the orc priest but does no damage.
You see here a +0 club.
The orc priest closely misses your crimson imp.
Your crimson imp blinks!
Your crimson imp hits the orc priest.
Something hits your crimson imp.
Your crimson imp is smitten.
Your crimson imp dies!
You are feeling very hungry.
There is an open door here.
You see here a +0 chain mail.
There is a stone staircase leading down, spattered with blood here.
You climb downwards.
The orc priest mumbles some strange prayers to Beogh against you.
Pain shoots through your body!
* * * LOW HITPOINT WARNING * * *
There is a stone staircase leading up, spattered with blood here.
The orc priest calls down the wrath of Beogh upon you.
Pain shoots through your body!
You die...

. .##..... .....
#...... ....%.####.....
#.......##.............
#.....................
............l<....l..
####...####..#.##....##
........##.............
........#..........##.#
.......)@.......#.## #
........).o#.#..#.#
....###.)#.........
.......#......#.#......
........#........##....
.......##....##......#
.......#.#.........
.....#..(..(.......
#... ##...o.......


You could see an iguana and an orc priest.

Vanquished Creatures
  Blork the orc (D:3)
  2 adders (D:3)
  2 oozes
  An adder skeleton (D:4)
  A worm (D:2)
  2 dart slugs
  2 leopard geckos
  5 orcs
  A ball python (D:3)
  5 bats
  2 giant cockroaches
  11 goblins
  8 hobgoblins
  3 jackals
  3 frilled lizards
  3 kobolds
  3 rats
55 creatures vanquished.

Vanquished Creatures (collateral kills)
  An orc priest (D:3)
  2 adders (D:2)
  2 worms (D:2)
  2 orcs (D:4)
  2 goblins (D:2)
  A jackal (D:3)
  A frilled lizard (D:3)
11 creatures vanquished.

Grand Total: 66 creatures vanquished

Notes
Turn   | Place    | Note
-------+----------+-------------------------------------------
     0 | D:1      | Bronimir the Deep Elf Wizard began the quest for the Orb.
     0 | D:1      | Reached XP level 1. HP: 10/10 MP: 7/7
   150 | D:1      | Reached skill level 5 in Spellcasting
   150 | D:1      | Reached XP level 2. HP: 8/15 MP: 0/10
   289 | D:1      | Learned a level 2 spell: Blink
   292 | D:1      | Learned a level 2 spell: Call Imp
   295 | D:1      | Learned a level 2 spell: Slow
  1366 | D:2      | Reached XP level 3. HP: 11/19 MP: 3/12
  1957 | D:2      | Found a glowing golden altar of the Shining One.
  2128 | D:2      | Learned a level 3 spell: Conjure Flame
  2132 | D:2      | Learned a level 3 spell: Mephitic Cloud
  2624 | D:2      | Found a hide-covered altar of Uskayaw.
  2686 | D:2      | Noticed Sigmund
  3533 | D:3      | Reached XP level 4. HP: 24/24 MP: 13/13
  3597 | D:3      | Found an iron altar of Okawaru.
  3673 | D:3      | Reached skill level 6 in Spellcasting
  3674 | D:3      | Found a radiant altar of Vehumet.
  3689 | D:3      | Became a worshipper of Vehumet
  3760 | D:3      | Found a faded altar of an unknown god.
  3994 | D:4      | Noticed Blork the orc
  4004 | D:3      | Reached skill level 1 in Crossbows
  4542 | D:4      | Reached XP level 5. HP: 28/28 MP: 8/15
  4759 | D:3      | Killed Blork the orc
  5082 | D:4      | Killed from afar by an orc priest

Levels and vault maps discovered:
D:1:      minmay_arrival_nine_rooms, layout_loops_ring
D:2:      layout_loops_corners, nicolae_tso_carved_into_rock,
          overflow_temple_1_default, uniq_sigmund
D:3:      layout_basic, vehumet_crystals, chequers_ecumenical_altar_grove,
          kennysheep_okawaru_gauntlet
D:4:      layout_rooms, serial_glass, glass_columns_a, glass_columns_c,
          glass_columns_a, glass_columns_a, glass_columns_a, glass_columns_a,
          first_ration, minmay_strange_pillars, minmay_misc_feat_nine_boxes,
          uniq_blork_the_orc

Skill      XL: |  1  2  3  4 |
---------------+-------------+-----
Spellcasting   | 5 6 |  6.5
Conjurations   | 2 |  2.2
Dodging        | 3 |  3.3
Crossbows      | 1 |  1.3
Fighting       | |  0.4
Short Blades   | |  0.2
Axes           | |  0.1
Throwing       | |  0.4
Stealth        | |  2.5
Summonings     | |  1.8
Translocations | |  1.1
Evocations     | |  0.6

Action                   |  1- 3 |  4- 6 || total
-------------------------+-------+-------++-------
Melee: Dagger            |    24 |       ||    24
       War axe           |       |     9 ||     9
 Fire: Hand crossbow     |    10 |    26 ||    36
Throw: Dart              |    17 |       ||    17
 Cast: Magic Dart        |    65 |    37 ||   102
       Call Imp          |    12 |    14 ||    26
       Slow              |     1 |       ||     1
       Mephitic Cloud    |     2 |     2 ||     4
       Blink             |       |     2 ||     2
 Stab: Sleeping          |     1 |     1 ||     2
  Eat: Chunk             |     5 |     3 ||     8
       Ration            |     1 |       ||     1
Armor: Robe              |     8 |    25 ||    33
Dodge: Dodged            |    21 |    38 ||    59
